[Event "ICC tourney 3320 (40 10)"]
[Site "Internet Chess Club"]
[Date "2023.11.11"]
[Round "4"]
[White "GAW, ZACHARY:zman-g"]
[Black "ANGEL, BORYS:BArkadia"]
[Result "1/2-1/2"]
[ICCResult "Game drawn by mutual agreement"]
[WhiteElo "1148"]
[BlackElo "1301"]
[Opening "Two knights defense (Modern bishop's opening)"]
[ECO "C55"]
[NIC "IG.01"]
[Time "17:45:13"]
[PlyCount "48"]
[TimeControl "2400+10"]

1. e4 e5 2. Nf3 Nc6 3. Bc4 Nf6 4. d3 h6 5. c3 Be7 6. Be3 d5 7. exd5 Nxd5 8.
Bd2 O-O 9. O-O Bg4 10. h3 Bh5 11. Re1 Nf4 12. Bxf4 exf4 13. Bb3 Bd6 14. Nbd2
Ne5 15. d4 Ng6 16. Qc2 Nh4 17. Nxh4 Qxh4 18. Qd3 Rae8 19. Nf3 Qf6 20. Rxe8
Rxe8 21. Re1 Rxe1+ 22. Nxe1 f3 23. Nxf3 Qf4 24. Qe3 Qf5
{Game drawn by mutual agreement}
1/2-1/2

[Event "ICC tourney 3320 (40 10)"]
[Site "Internet Chess Club"]
[Date "2023.11.11"]
[Round "4"]
[White "Chiappetta, Graydon:loopy"]
[Black "VELVADAPU, RENESH SRI:velvadapur"]
[Result "1-0"]
[ICCResult "Black checkmated"]
[WhiteElo "796"]
[BlackElo "512"]
[Opening "Inverted Hungarian"]
[ECO "C44"]
[NIC "KP.10"]
[Time "18:20:03"]
[PlyCount "39"]
[TimeControl "2400+10"]

1. e4 e5 2. Nf3 Nc6 3. Be2 Nf6 4. d3 d6 5. O-O Bg4 6. c4 Bxf3 7. Bxf3 Nd4 8.
Na3 c5 9. Be3 Nxf3+ 10. Qxf3 h5 11. Nc2 Ng4 12. h3 Nxe3 13. fxe3 Qb6 14.
Qxf7+ Kd8 15. b3 Be7 16. Qxg7 Kd7 17. Rf7 Rae8 18. Qg5 Ref8 19. Qxe7+ Kc6
20. Qd7# {Black checkmated} 1-0

[Event "ICC tourney 3320 (40 10)"]
[Site "Internet Chess Club"]
[Date "2023.11.11"]
[Round "4"]
[White "Bronshtein, Marc:MarcBronshtein"]
[Black "ANGELCHIK, JACOB:t105mm"]
[Result "1-0"]
[ICCResult "Black resigns"]
[WhiteElo "1484"]
[BlackElo "1209"]
[Opening "Benkö gambit"]
[ECO "A57"]
[NIC "BI.46"]
[Time "17:45:58"]
[PlyCount "79"]
[TimeControl "2400+10"]

1. d4 Nf6 2. c4 c5 3. d5 b5 4. Nf3 d6 5. cxb5 a6 6. Bf4 axb5 7. e4 Bd7 8.
Bd3 c4 9. Bc2 g6 10. O-O Bg7 11. a4 b4 12. Qe2 b3 13. Bd1 Qc7 14. Nc3 Na6
15. Nb5 Qc5 16. Rc1 Bxb5 17. axb5 Qxb5 18. Rxc4 O-O 19. Nd4 Qb6 20. Be3 Nc5
21. Nxb3 Rfc8 22. Nxc5 dxc5 23. b4 Nd7 24. bxc5 Nxc5 25. Qc2 Ra5 26. Bg4 e6
27. Rc1 Bf8 28. dxe6 fxe6 29. h3 Kf7 30. Qd2 Rc6 31. Qd4 Qc7 32. Qh8 h5 33.
e5 Ra4 34. Qh7+ Ke8 35. Qxg6+ Kd8 36. Rd1+ Kc8 37. Qe8+ Kb7 38. Rxa4 Nxa4
39. Rb1+ Nb6 40. Bf3 {Black resigns} 1-0

[Event "ICC tourney 3320 (40 10)"]
[Site "Internet Chess Club"]
[Date "2023.11.11"]
[Round "4"]
[White "GAW, CHRISTIAN:cman-g"]
[Black "Ryerson, Olivia:oliviaryerson"]
[Result "1-0"]
[ICCResult "Black checkmated"]
[WhiteElo "1091"]
[BlackElo "1330"]
[Opening "Sicilian: O'Kelly variation"]
[ECO "B28"]
[NIC "SI.43"]
[Time "17:45:23"]
[PlyCount "143"]
[TimeControl "2400+10"]

1. e4 c5 2. Nf3 a6 3. d4 cxd4 4. Nxd4 Nf6 5. Nc3 e5 6. Nf3 Bb4 7. Bd3 d5 8.
O-O Bxc3 9. bxc3 dxe4 10. Bxe4 Qxd1 11. Rxd1 Nxe4 12. Re1 f5 13. Nxe5 O-O
14. Bb2 Nc6 15. Nxc6 bxc6 16. Rad1 Bb7 17. Rd7 Rf7 18. Rxf7 Kxf7 19. Rd1 Ke7
20. Ba3+ Ke8 21. Re1 Kd7 22. f3 Nf6 23. Re7+ Kc8 24. Rxg7 Nd7 25. Bd6 Nf6
26. Rf7 Nd5 27. Rxh7 Nxc3 28. Rc7+ Kd8 29. Rxb7 Nxa2 30. Rh7 Kc8 31. Rh8+
Kb7 32. Rxa8 Kxa8 33. h4 a5 34. h5 a4 35. h6 a3 36. h7 Nb4 37. h8=Q+ Kb7 38.
Qb8+ Ka6 39. Qxb4 a2 40. Qa3+ Kb6 41. Bc5+ Kc7 42. Qa7+ Kd8 43. Bd6 a1=Q+
44. Qxa1 Kd7 45. Qd4 c5 46. Qxc5 f4 47. Qc7+ Ke6 48. Qe7+ Kd5 49. Qe4+ Kxd6
50. Qxf4+ Ke6 51. Qe5+ Kxe5 52. g4 Kf4 53. c4 Ke5 54. g5 Kf5 55. Kf2 Kxg5
56. Ke3 Kf5 57. Kd4 Ke6 58. f4 Kd6 59. c5+ Kc6 60. Kc4 Kd7 61. Kd5 Kc7 62.
c6 Kc8 63. Kd6 Kd8 64. c7+ Kc8 65. f5 Kb7 66. f6 Kc8 67. f7 Kb7 68. f8=Q Kb6
69. c8=R Kb5 70. Qf1+ Kb4 71. Qb1+ Ka4 72. Ra8# {Black checkmated} 1-0

[Event "ICC tourney 3320 (40 10)"]
[Site "Internet Chess Club"]
[Date "2023.11.11"]
[Round "4"]
[White "DIXIT, RAAJAS KUNAL:raadix028"]
[Black "Whiteside, Oren:NotOwen"]
[Result "1/2-1/2"]
[ICCResult "Game drawn by mutual agreement"]
[WhiteElo "1365"]
[BlackElo "1350"]
[Opening "Scandinavian defense"]
[ECO "B01"]
[NIC "SD.01"]
[Time "17:45:21"]
[PlyCount "83"]
[TimeControl "2400+10"]

1. e4 d5 2. exd5 Qxd5 3. Nc3 Qa5 4. Nf3 Nf6 5. d4 Bf5 6. Bd3 Bg6 7. O-O e6
8. Qe2 Nc6 9. Ne4 O-O-O 10. c3 Nxe4 11. Bxe4 Bxe4 12. Qxe4 Qd5 13. Qxd5 Rxd5
14. Ng5 Rd7 15. Re1 h6 16. Ne4 Be7 17. h3 f6 18. Bf4 g5 19. Bh2 e5 20. dxe5
fxe5 21. Rad1 Rhd8 22. Rxd7 Rxd7 23. Kf1 Bd6 24. Ng3 Rf7 25. Ne4 b6 26. g4
a5 27. Ng3 Rh7 28. Nf5 h5 29. Kg2 hxg4 30. hxg4 Kd7 31. Ne3 Rf7 32. Bg3 Rh7
33. Nc4 Ke6 34. Re2 Kd5 35. b3 Rf7 36. Ne3+ Ke6 37. Nf5 Ne7 38. Nxe7 Rxe7
39. f3 Rf7 40. Bf2 Kf6 41. Be3 Rh7 42. Bf2 {Game drawn by mutual agreement}
1/2-1/2

[Event "ICC tourney 3320 (40 10)"]
[Site "Internet Chess Club"]
[Date "2023.11.11"]
[Round "5"]
[White "Bronshtein, Marc:MarcBronshtein"]
[Black "GAW, ZACHARY:zman-g"]
[Result "1-0"]
[ICCResult "Black checkmated"]
[WhiteElo "1484"]
[BlackElo "1148"]
[Opening "QGD Slav defense: exchange variation"]
[ECO "D10"]
[NIC "SL.01"]
[Time "20:00:11"]
[PlyCount "57"]
[TimeControl "2400+10"]

1. d4 d5 2. c4 c6 3. cxd5 cxd5 4. Bf4 Nf6 5. Nc3 Bf5 6. Qb3 Qd7 7. e3 a6 8.
Na4 Qc6 9. Nb6 Bc2 10. Qc3 Qxb6 11. Qxc2 Qa5+ 12. Qc3 Qxc3+ 13. bxc3 Nc6 14.
Bd3 Rc8 15. Rb1 Na5 16. Ne2 Nh5 17. Be5 f6 18. Bd6 exd6 19. g4 g6 20. gxh5
gxh5 21. Nf4 Rxc3 22. Ke2 Ra3 23. Nxd5 Rxa2+ 24. Kf3 Kf7 25. Rhc1 Ra3 26.
Rc7+ Ke8 27. Nxf6+ Kd8 28. Rbc1 Rxd3 29. Rd7# {Black checkmated} 1-0

[Event "ICC tourney 3320 (40 10)"]
[Site "Internet Chess Club"]
[Date "2023.11.11"]
[Round "5"]
[White "ANGELCHIK, JACOB:t105mm"]
[Black "DELABRE, TONY:tdelabre62"]
[Result "1/2-1/2"]
[ICCResult "Game drawn by mutual agreement"]
[WhiteElo "1209"]
[BlackElo "1340"]
[Opening "Queen's pawn: London system"]
[ECO "A45"]
[NIC "QP.07"]
[Time "20:02:10"]
[PlyCount "94"]
[TimeControl "2400+10"]

1. d4 Nf6 2. Bf4 g6 3. c4 d6 4. Nc3 Bg7 5. e4 O-O 6. Qd2 Nc6 7. Nf3 Nxd4 8.
Qxd4 e5 9. Nxe5 dxe5 10. Qxd8 Rxd8 11. Bxe5 c6 12. Bxf6 Bxf6 13. Rc1 Re8 14.
Be2 Bxc3+ 15. Rxc3 Rxe4 16. Re3 Rxe3 17. fxe3 Bf5 18. O-O Re8 19. Rf3 Be4
20. Rg3 Kg7 21. Kf2 Bb1 22. a3 Ba2 23. Kf3 f5 24. Bd3 Bb3 25. h4 Kf6 26. Rg5
Bd1+ 27. Kf4 Bg4 28. h5 gxh5 29. Bxf5 Rxe3 30. Bxg4 hxg4 31. Rxg4 Rb3 32.
Rh4 Kg6 33. Ke5 Rxb2 34. Rg4+ Kf7 35. Kd6 h5 36. Rg5 Rc2 37. Rxh5 Rxc4 38.
Rh7+ Kf6 39. Rxb7 Ra4 40. Kxc6 Rxa3 41. Rb5 a5 42. Kb6 a4 43. Kc5 Ra1 44.
Kb4 a3 45. Ra5 a2 46. Kb3 Rb1+ 47. Kxa2 Rg1 {Game drawn by mutual agreement}
1/2-1/2

[Event "ICC tourney 3320 (40 10)"]
[Site "Internet Chess Club"]
[Date "2023.11.11"]
[Round "5"]
[White "Romanyuk, Nikita:NikitaR"]
[Black "Chiappetta, Graydon:loopy"]
[Result "1/2-1/2"]
[ICCResult "Game drawn by mutual agreement"]
[WhiteElo "1083"]
[BlackElo "796"]
[Opening "Scotch game"]
[ECO "C45"]
[NIC "SO.04"]
[Time "20:00:11"]
[PlyCount "125"]
[TimeControl "2400+10"]

1. e4 e5 2. Nf3 Nc6 3. d4 exd4 4. Nxd4 Be7 5. Nc3 Nf6 6. Bg5 O-O 7. Nxc6
bxc6 8. Qf3 d6 9. h3 Rb8 10. Rb1 Be6 11. Bd3 c5 12. O-O c4 13. Be2 a5 14.
Bxf6 Bxf6 15. Rfd1 Qe7 16. b3 cxb3 17. axb3 Bxc3 18. Qxc3 Rb4 19. f3 c5 20.
Ra1 Ra8 21. Qd2 Rd4 22. Qe1 Qg5 23. Rxd4 Qe3+ 24. Kf1 Qxd4 25. Rxa5 Rf8 26.
Qa1 Qb4 27. Ra8 Rb8 28. Qa7 Rc8 29. Rxc8+ Bxc8 30. Qc7 g6 31. Qxc8+ Kg7 32.
Qc6 Qd4 33. Qd5 Qa1+ 34. Kf2 Qf6 35. g3 h5 36. Qc4 h4 37. g4 Qf4 38. Qc3+ f6
39. Bf1 Qg3+ 40. Ke2 Qh2+ 41. Kd1 Qg1 42. Qd3 g5 43. c3 Qf2 44. Qe2 Qg3 45.
b4 Qe5 46. bxc5 Qxc3 47. Qd3 Qxc5 48. Qd5 Qe3 49. Qd3 Qb6 50. Ke2 Qb2+ 51.
Qd2 Qe5 52. Ke1 Qg3+ 53. Qf2 Qf4 54. Qa7+ Kg6 55. Qa3 Qg3+ 56. Ke2 Qh2+ 57.
Ke1 Qg3+ 58. Ke2 Qh2+ 59. Ke1 Qf4 60. Qd3 Qg3+ 61. Ke2 Qh2+ 62. Ke1 Qg3+ 63.
Ke2 {Game drawn by mutual agreement} 1/2-1/2

[Event "ICC tourney 3320 (40 10)"]
[Site "Internet Chess Club"]
[Date "2023.11.11"]
[Round "5"]
[White "Whiteside, Oren:NotOwen"]
[Black "GAW, CHRISTIAN:cman-g"]
[Result "1-0"]
[ICCResult "Black checkmated"]
[WhiteElo "1350"]
[BlackElo "1091"]
[Opening "Scotch: Potter variation"]
[ECO "C45"]
[NIC "SO.05"]
[Time "20:00:23"]
[PlyCount "137"]
[TimeControl "2400+10"]

1. e4 e5 2. Nf3 Nc6 3. d4 exd4 4. Nxd4 Bc5 5. Nb3 Bb6 6. Nc3 Nf6 7. Qe2 Qe7
8. Bg5 h6 9. Nd5 Qe6 10. Bxf6 gxf6 11. O-O-O Ne5 12. Nd4 Qd6 13. Nxb6 Qxb6
14. Qe3 Qc5 15. Nf5 Qxe3+ 16. Nxe3 d6 17. Nd5 Kd8 18. Nxf6 Ng4 19. Nxg4 Bxg4
20. f3 Be6 21. f4 f5 22. e5 Kd7 23. exd6 cxd6 24. g3 Rac8 25. Bg2 Bxa2 26.
Bxb7 Rc7 27. Ba6 Rb8 28. Bd3 Be6 29. Rhe1 Rcb7 30. b3 Rc7 31. Kb2 a5 32. Ra1
Ra7 33. Ra4 d5 34. Rea1 Rba8 35. b4 Kc6 36. Rxa5 Rxa5 37. Rxa5 Rxa5 38. bxa5
Kc5 39. a6 Kb6 40. Kc3 h5 41. Kd4 Ka7 42. Ke5 Bc8 43. Kxd5 Kb6 44. Ke5 Ka7
45. Kf6 Kb6 46. Kg5 Ka7 47. Kxh5 Kb6 48. Kg5 Ka7 49. Kf6 Kb6 50. Ke7 Ka7 51.
Kd6 Kb6 52. h4 Ka7 53. Kc7 Bxa6 54. Bxa6 Kxa6 55. h5 Kb5 56. h6 Kc4 57. h7
Kd4 58. h8=Q+ Ke3 59. Qe5+ Kf3 60. Qxf5 Kxg3 61. Kd6 Kf3 62. Kd5 Kg3 63. Kd4
Kf3 64. Kd3 Kg3 65. Ke3 Kg2 66. c4 Kg3 67. Qg5+ Kh2 68. Kf3 Kh1 69. Qg2#
{Black checkmated}
1-0

[Event "ICC tourney 3320 (40 10)"]
[Site "Internet Chess Club"]
[Date "2023.11.11"]
[Round "5"]
[White "ANGEL, BORYS:BArkadia"]
[Black "DIXIT, RAAJAS KUNAL:raadix028"]
[Result "1/2-1/2"]
[ICCResult "Game drawn by mutual agreement"]
[WhiteElo "1301"]
[BlackElo "1365"]
[Opening "Sicilian: dragon, classical attack"]
[ECO "B72"]
[NIC "SI.15"]
[Time "20:00:07"]
[PlyCount "99"]
[TimeControl "2400+10"]

1. e4 c5 2. Nf3 d6 3. d4 cxd4 4. Nxd4 Nf6 5. Nc3 g6 6. Be2 Bg7 7. Be3 O-O 8.
f4 Nc6 9. Nxc6 bxc6 10. h3 Rb8 11. Rb1 Qc7 12. O-O d5 13. e5 Nd7 14. Bf3 Nb6
15. b3 Rd8 16. Bc5 Ba6 17. Re1 d4 18. Ne2 d3 19. Nd4 Nd5 20. Qd2 dxc2 21.
Rbc1 Bh6 22. g3 Bc8 23. Rxc2 Bb7 24. Qg2 Qa5 25. Ree2 Nc3 26. b4 Nxe2+ 27.
Rxe2 Qc7 28. e6 f5 29. h4 Bg7 30. Nxc6 Bxc6 31. Bxc6 Bd4+ 32. Bxd4 Rxd4 33.
h5 Rbxb4 34. hxg6 Rd1+ 35. Kh2 hxg6 36. Bf3 Rbb1 37. Qh3 Qc1 38. Qg2 Rg1 39.
Qf2 Rh1+ 40. Kg2 Rg1+ 41. Kh2 Rh1+ 42. Kg2 Rg1+ 43. Kh2 Qf1 44. Qxf1 Rgxf1
45. Bg2 Rfe1 46. Rc2 Kg7 47. Bd5 Rb5 48. Bb3 Re3 49. Rc7 Re2+ 50. Kh3
{Game drawn by mutual agreement}
1/2-1/2